| TOP OF THE 1ST |
|
Hartford Whalers batting - Pitching for Asheville Moonshiners : RHP Masaki Saito
|
|
Pitching: RHP Masaki Saito
|
|
|
Batting: LHB Todd Dunwoody
|
0-0: Ball 1-0: Ball 2-0: Called Strike 2-1: Fly out, F8 (Line Drive, 8RM, EV 94.4 MPH)
|
|
Batting: RHB Alex Ochoa
|
0-0: Ball 1-0: SINGLE (Line Drive, 4MD, EV 103.8 MPH)
|
|
Batting: LHB Todd Walker
|
0-0: Called Strike 0-1: Swinging Strike 0-2: Ball Alex Ochoa steals 2nd base 1-2: Ball 2-2: Fly out, F7 (Flyball, 78M, EV 88.8 MPH)
|
|
Batting: RHB Kurt Abbott
|
0-0: Foul Ball, location: 2F 0-1: DOUBLE (Line Drive, 89D, EV 113.1 MPH) Alex Ochoa scores
|
|
Batting: LHB Mark Kotsay
|
0-0: Ball 1-0: Ground out U3 (Groundball, 34, EV 105.6 MPH)
|
| Top of the 1st over - 1 run, 2 hits, 0 errors, 1 left on base; Hartford 1 - Asheville 0 |
| BOTTOM OF THE 1ST |
|
Asheville Moonshiners batting - Pitching for Hartford Whalers : RHP Bobby Chouinard
|
|
Pitching: RHP Bobby Chouinard
|
|
|
Batting: RHB Jermaine Allensworth
|
0-0: Swinging Strike 0-1: Swinging Strike 0-2: Ball 1-2: Ball 2-2: Ball 3-2: Strikes out swinging
|
|
Batting: SHB Wilton Guerrero
|
0-0: TRIPLE (Flyball, 89XD, EV 91.3 MPH)
|
|
Batting: LHB Randall Simon
|
0-0: Ground out 6-3 (Groundball, 6, EV 103.8 MPH) Wilton Guerrero scores
|
|
Batting: RHB Yamil Benitez
|
0-0: Foul Ball, location: 2F 0-1: Fly out, F6 (Flyball, 6MD, EV 92.5 MPH)
|
| Bottom of the 1st over - 1 run, 1 hit, 0 errors, 0 left on base; Hartford 1 - Asheville 1 |
| TOP OF THE 2ND |
|
Hartford Whalers batting - Pitching for Asheville Moonshiners : RHP Masaki Saito
|
|
Batting: LHB Dave Hansen
|
0-0: Foul Ball, location: 2F 0-1: Ball 1-1: Ball 2-1: Foul Ball, location: 2F 2-2: Ground out 6-3 (Groundball, 6, EV 88.8 MPH)
|
|
Batting: RHB Kevin Jordan
|
0-0: Ball 1-0: Ball 2-0: Fly out, F8 (Flyball, 8LM, EV 91.9 MPH)
|
|
Batting: LHB Rod Myers
|
0-0: Ball 1-0: Ball 2-0: SINGLE (Groundball, 56D, EV 96.9 MPH)
|
|
Batting: RHB Mike Matheny
|
0-0: Fly out, F7 (Flyball, 7LSF, EV 74.4 MPH)
|
| Top of the 2nd over - 0 runs, 1 hit, 0 errors, 1 left on base; Hartford 1 - Asheville 1 |
| BOTTOM OF THE 2ND |
|
Asheville Moonshiners batting - Pitching for Hartford Whalers : RHP Bobby Chouinard
|
|
Batting: RHB Aaron Boone
|
0-0: Foul Ball, location: 2F 0-1: Called Strike 0-2: SOLO HOME RUN (Flyball, 7D, EV 105.6 MPH), Distance : 381 ft
|
|
Batting: LHB Darren Bragg
|
0-0: Ground out U3 (Groundball, 34D, EV 102.5 MPH)
|
|
Batting: RHB Kevin L Brown
|
0-0: Called Strike 0-1: Ball 1-1: Ball 2-1: Foul Ball, location: 2F 2-2: Ball 3-2: SINGLE (Line Drive, 89S, EV 108.1 MPH)
|
|
Batting: RHB Rikkert Faneyte
|
0-0: Called Strike 0-1: Ball 1-1: Swinging Strike 1-2: Foul Ball, location: 2F 1-2: Foul Ball, location: 2F 1-2: Ball 2-2: Foul Ball, location: 2F 2-2: SINGLE (Line Drive, 9S, EV 106.3 MPH) Kevin L Brown to second
|
|
Batting: RHB Deivi Cruz
|
0-0: Ball Wild Pitch! Kevin L Brown to third Rikkert Faneyte to second 1-0: Fly out, F7 (Flyball, 7, EV 93.1 MPH) Runner from 3rd tags up, SCORES, no throw by LF
|
|
Batting: RHB Jermaine Allensworth
|
0-0: Ball 1-0: Foul Ball, location: 2F 1-1: Ball 2-1: Ball 3-1: Base on Balls
|
|
Batting: SHB Wilton Guerrero
|
0-0: Ball 1-0: Foul Ball, location: 2F 1-1: Called Strike 1-2: Ball 2-2: Foul Ball, location: 2F 2-2: Strikes out looking
|
| Bottom of the 2nd over - 2 runs, 3 hits, 0 errors, 2 left on base; Hartford 1 - Asheville 3 |
| TOP OF THE 3RD |
|
Hartford Whalers batting - Pitching for Asheville Moonshiners : RHP Masaki Saito
|
|
Batting: LHB Todd Dunwoody
|
0-0: Called Strike 0-1: Ball 1-1: Ball 2-1: SINGLE (Groundball, 34D, EV 94.4 MPH)
|
|
Batting: RHB Alex Ochoa
|
0-0: Called Strike 0-1: Ball 1-1: Ball 2-1: Fielders Choice at 2nd, 6-4 (Groundball, 6S, EV 77.5 MPH)
|
|
Batting: LHB Todd Walker
|
0-0: DOUBLE (Line Drive, 78D, EV 110.0 MPH) Alex Ochoa to third
|
|
Batting: RHB Kurt Abbott
|
0-0: Swinging Strike 0-1: Swinging Strike 0-2: Ground out 4-3 (Groundball, 4, EV 82.5 MPH) Alex Ochoa scores Todd Walker to third
|
|
Batting: LHB Mark Kotsay
|
0-0: Ball 1-0: Ball 2-0: Foul Ball, location: 2F 2-1: Ball 3-1: Base on Balls
|
|
Batting: LHB Dave Hansen
|
0-0: Ball 1-0: Ball 2-0: Called Strike 2-1: Foul Ball, location: 2F 2-2: SINGLE (Groundball, 4MD, EV 102.5 MPH) Todd Walker scores Mark Kotsay to second
|
|
Batting: RHB Kevin Jordan
|
0-0: Swinging Strike 0-1: Ball 1-1: Swinging Strike 1-2: Fielders Choice at 2nd, 5-4 (Groundball, 56, EV 113.1 MPH)
|
| Top of the 3rd over - 2 runs, 3 hits, 0 errors, 2 left on base; Hartford 3 - Asheville 3 |
| BOTTOM OF THE 3RD |
|
Asheville Moonshiners batting - Pitching for Hartford Whalers : RHP Bobby Chouinard
|
|
Batting: LHB Randall Simon
|
0-0: Called Strike 0-1: Foul Ball, location: 2F 0-2: Ground out 4-3 (Groundball, 4, EV 103.8 MPH)
|
|
Batting: RHB Yamil Benitez
|
0-0: Ball 1-0: Foul Ball, location: 2F 1-1: Foul Ball, location: 2F 1-2: Ground out 5-3 (Groundball, 56S, EV 92.5 MPH)
|
|
Batting: RHB Aaron Boone
|
0-0: Called Strike 0-1: Ball 1-1: Ball 2-1: Reached on error, E5 (Groundball, 56, EV 108.8 MPH)
|
|
Batting: LHB Darren Bragg
|
0-0: Ball 1-0: SINGLE (Line Drive, 7S, EV 93.8 MPH) Aaron Boone to second Runner from 2nd tries for 3rd, OUT! 7-5
|
| Bottom of the 3rd over - 0 runs, 1 hit, 1 error, 1 left on base; Hartford 3 - Asheville 3 |
| TOP OF THE 4TH |
|
Hartford Whalers batting - Pitching for Asheville Moonshiners : RHP Masaki Saito
|
|
Batting: LHB Rod Myers
|
0-0: Fly out, F7 (Line Drive, 78M, EV 85.6 MPH)
|
|
Batting: RHB Mike Matheny
|
0-0: Called Strike 0-1: SINGLE (Flyball, 7LS, EV 96.3 MPH)
|
|
Batting: LHB Todd Dunwoody
|
0-0: Ball 1-0: DOUBLE (Flyball, 8RD, EV 106.3 MPH) Mike Matheny to third Runner from 3rd tries for Home, SAFE, throw by CF to home
|
|
Batting: RHB Alex Ochoa
|
0-0: Ball 1-0: Ball 2-0: Foul Ball, location: 2F 2-1: SINGLE (Groundball, 4MD, EV 107.5 MPH) Todd Dunwoody to third Runner from 3rd tries for Home, SAFE, throw by CF to home
|
|
Pitching: RHP Tim Wakefield
|
|
|
Batting: LHB Todd Walker
|
0-0: Ball 1-0: Fly out, F8 (Flyball, 8RS, EV 87.5 MPH)
|
|
Batting: RHB Kurt Abbott
|
0-0: Called Strike 0-1: Fly out, F9 (Flyball, 89D, EV 95.6 MPH)
|
| Top of the 4th over - 2 runs, 3 hits, 0 errors, 1 left on base; Hartford 5 - Asheville 3 |
| BOTTOM OF THE 4TH |
|
Asheville Moonshiners batting - Pitching for Hartford Whalers : RHP Bobby Chouinard
|
|
Batting: RHB Kevin L Brown
|
0-0: Ball 1-0: Ball 2-0: DOUBLE (Groundball, 5L, EV 102.5 MPH)
|
|
Batting: RHB Rikkert Faneyte
|
0-0: Called Strike 0-1: Ball 1-1: Foul Ball, location: 2F 1-2: Strikes out swinging
|
|
Batting: RHB Deivi Cruz
|
0-0: Ball 1-0: Called Strike 1-1: Foul Ball, location: 2F 1-2: Ball 2-2: Strikes out swinging
|
|
Batting: RHB Jermaine Allensworth
|
0-0: Ball 1-0: Fly out, F8 (Flyball, 8LM, EV 83.1 MPH)
|
| Bottom of the 4th over - 0 runs, 1 hit, 0 errors, 1 left on base; Hartford 5 - Asheville 3 |
| TOP OF THE 5TH |
|
Hartford Whalers batting - Pitching for Asheville Moonshiners : RHP Tim Wakefield
|
|
Batting: LHB Mark Kotsay
|
0-0: Ball 1-0: Swinging Strike 1-1: Ball 2-1: Ground out 1-3 (Groundball, 13, EV 68.8 MPH)
|
|
Batting: LHB Dave Hansen
|
0-0: Ground out 4-3 (Groundball, 4, EV 93.1 MPH)
|
|
Batting: RHB Kevin Jordan
|
0-0: Ball 1-0: Called Strike 1-1: Ground out 5-3 (Groundball, 5S, EV 89.4 MPH)
|
| Top of the 5th over - 0 runs, 0 hits, 0 errors, 0 left on base; Hartford 5 - Asheville 3 |
| BOTTOM OF THE 5TH |
|
Asheville Moonshiners batting - Pitching for Hartford Whalers : RHP Bobby Chouinard
|
|
Batting: SHB Wilton Guerrero
|
0-0: Ball 1-0: Called Strike 1-1: Fly out, F8 (Flyball, 8RD, EV 91.9 MPH)
|
|
Batting: LHB Randall Simon
|
0-0: Foul Ball, location: 2F 0-1: Ball 1-1: Ground out U3 (Groundball, 34, EV 86.3 MPH)
|
|
Batting: RHB Yamil Benitez
|
0-0: Ball 1-0: Ground out 5-3 (Groundball, 56, EV 101.9 MPH)
|
| Bottom of the 5th over - 0 runs, 0 hits, 0 errors, 0 left on base; Hartford 5 - Asheville 3 |
| TOP OF THE 6TH |
|
Hartford Whalers batting - Pitching for Asheville Moonshiners : RHP Tim Wakefield
|
|
Batting: LHB Rod Myers
|
0-0: Ball 1-0: Called Strike 1-1: Foul Ball, location: 2F 1-2: Ball 2-2: Foul Ball, location: 2F 2-2: Ball 3-2: Strikes out looking
|
|
Batting: RHB Mike Matheny
|
0-0: Called Strike 0-1: Foul Ball, location: 2F 0-2: Strikes out swinging
|
|
Batting: LHB Todd Dunwoody
|
0-0: Foul Ball, location: 2F 0-1: Foul Ball, location: 2F 0-2: Ball 1-2: Foul Ball, location: 2F 1-2: Foul Ball, location: 2F 1-2: Ball 2-2: Strikes out looking
|
| Top of the 6th over - 0 runs, 0 hits, 0 errors, 0 left on base; Hartford 5 - Asheville 3 |
| BOTTOM OF THE 6TH |
|
Asheville Moonshiners batting - Pitching for Hartford Whalers : RHP Bobby Chouinard
|
|
Batting: RHB Aaron Boone
|
0-0: Called Strike 0-1: Ball 1-1: Swinging Strike 1-2: Ball 2-2: Ground out 6-3 (Groundball, 6M, EV 85.6 MPH)
|
|
Batting: LHB Darren Bragg
|
0-0: Foul Ball, location: 2F 0-1: Ground out 5-3 (Groundball, 5, EV 84.4 MPH)
|
|
Batting: RHB Kevin L Brown
|
0-0: Called Strike 0-1: Swinging Strike 0-2: Strikes out swinging
|
| Bottom of the 6th over - 0 runs, 0 hits, 0 errors, 0 left on base; Hartford 5 - Asheville 3 |
| TOP OF THE 7TH |
|
Hartford Whalers batting - Pitching for Asheville Moonshiners : RHP Tim Wakefield
|
|
Batting: RHB Alex Ochoa
|
0-0: Ball 1-0: Ball 2-0: Foul Ball, location: 2F 2-1: Foul Ball, location: 2F 2-2: Foul Ball, location: 2F 2-2: Fly out, F6 (Flyball, 56D, EV 85.0 MPH)
|
|
Batting: LHB Todd Walker
|
0-0: SINGLE (Line Drive, 6M, EV 99.4 MPH)
|
|
Batting: RHB Kurt Abbott
|
0-0: Foul Ball, location: 2F 0-1: Ball 1-1: Ball 2-1: Ball 3-1: Foul Ball, location: 2F 3-2: Reached via error on a dropped throw from SS, E3 (Groundball, 4MS, EV 64.4 MPH) Todd Walker to second
|
|
Batting: LHB Mark Kotsay
|
0-0: Foul Ball, location: 2F 0-1: Ball 1-1: Swinging Strike 1-2: Foul Ball, location: 2F 1-2: Foul Ball, location: 2F 1-2: Strikes out swinging
|
|
Batting: LHB Dave Hansen
|
0-0: Fly out, F7 (Flyball, 7D, EV 101.3 MPH)
|
| Top of the 7th over - 0 runs, 1 hit, 1 error, 2 left on base; Hartford 5 - Asheville 3 |
| BOTTOM OF THE 7TH |
|
Asheville Moonshiners batting - Pitching for Hartford Whalers : RHP Bobby Chouinard
|
|
Batting: RHB Rikkert Faneyte
|
0-0: Called Strike 0-1: Swinging Strike 0-2: Strikes out swinging
|
|
Batting: RHB Deivi Cruz
|
0-0: Called Strike 0-1: Ball 1-1: DOUBLE (Line Drive, 89D, EV 104.4 MPH)
|
|
Batting: RHB Jermaine Allensworth
|
0-0: Ball 1-0: Swinging Strike 1-1: Fly out, F8 (Flyball, 8LD, EV 96.3 MPH)
|
|
Batting: SHB Wilton Guerrero
|
0-0: Foul Ball, location: 2F 0-1: Foul Ball, location: 2F 0-2: Ball 1-2: Ball 2-2: SINGLE (Groundball, 34D, EV 100.0 MPH) Deivi Cruz to third Runner from 3rd tries for Home, SAFE, no throw by RF
|
|
Batting: LHB Randall Simon
|
0-0: Called Strike 0-1: Fly out, F9 (Flyball, 9LS, EV 92.5 MPH)
|
| Bottom of the 7th over - 1 run, 2 hits, 0 errors, 1 left on base; Hartford 5 - Asheville 4 |
| TOP OF THE 8TH |
|
Hartford Whalers batting - Pitching for Asheville Moonshiners : RHP Tim Wakefield
|
|
Batting: RHB Kevin Jordan
|
0-0: Called Strike 0-1: Foul Ball, location: 2F 0-2: Ball 1-2: SINGLE (Groundball, 56, EV 98.8 MPH) (infield hit)
|
|
Batting: LHB Rod Myers
|
0-0: Ball 1-0: Swinging Strike 1-1: Fielders Choice at 2nd, 6-4 (Groundball, 6, EV 86.3 MPH)
|
|
Batting: RHB Mike Matheny
|
0-0: Called Strike 0-1: Ball Wild Pitch! Rod Myers to second 1-1: Ball 2-1: Foul Ball, location: 2F 2-2: Ball 3-2: Foul Ball, location: 2F 3-2: Foul Ball, location: 2F 3-2: SINGLE (Groundball, 5, EV 103.8 MPH) (infield hit) Rod Myers to third
|
|
Batting: LHB Todd Dunwoody
|
0-0: Ball Wild Pitch! Rod Myers scores Mike Matheny to second 1-0: Swinging Strike 1-1: Ball 2-1: Called Strike 2-2: Strikes out swinging
|
|
Batting: RHB Alex Ochoa
|
0-0: Ball 1-0: Ground out 5-3 (Groundball, 5, EV 80.0 MPH)
|
| Top of the 8th over - 1 run, 2 hits, 0 errors, 1 left on base; Hartford 6 - Asheville 4 |
| BOTTOM OF THE 8TH |
|
Asheville Moonshiners batting - Pitching for Hartford Whalers : RHP Bobby Chouinard
|
|
Pitching: RHP Mark Petkovsek
|
|
|
Batting: RHB Yamil Benitez
|
0-0: Called Strike 0-1: Swinging Strike 0-2: Ball 1-2: SINGLE (Groundball, 34S, EV 57.5 MPH) (infield hit)
|
|
Batting: RHB Aaron Boone
|
0-0: Ball 1-0: Ball Wild Pitch! Yamil Benitez to second 2-0: Called Strike 2-1: Ground out 1-3 (Groundball, 34S, EV 85.6 MPH) Yamil Benitez to third
|
|
Batting: LHB Darren Bragg
|
0-0: Foul Ball, location: 2F 0-1: Ball 1-1: Ball 2-1: Foul Ball, location: 2F 2-2: Ground out 6-3 (Groundball, 6, EV 101.9 MPH) Yamil Benitez scores
|
|
Batting: RHB Kevin L Brown
|
0-0: Ball 1-0: Ball 2-0: Foul Ball, location: 2F 2-1: Ball 3-1: Foul Ball, location: 2F 3-2: Base on Balls
|
|
Batting: RHB Rikkert Faneyte
|
0-0: Ball 1-0: Ball 2-0: Foul Ball, location: 2F 2-1: Foul Ball, location: 2F 2-2: Foul Ball, location: 2F 2-2: Fielders Choice at 2nd, 6-4 (Groundball, 6, EV 84.4 MPH)
|
| Bottom of the 8th over - 1 run, 1 hit, 0 errors, 1 left on base; Hartford 6 - Asheville 5 |
| TOP OF THE 9TH |
|
Hartford Whalers batting - Pitching for Asheville Moonshiners : RHP Tim Wakefield
|
|
Pitching: RHP Mike Draper
|
|
|
Batting: LHB Todd Walker
|
0-0: Ball 1-0: Swinging Strike 1-1: Ball 2-1: SINGLE (Line Drive, 89S, EV 95.0 MPH)
|
|
Batting: RHB Kurt Abbott
|
0-0: Called Strike 0-1: Foul Ball, location: 2F 0-2: SINGLE (Line Drive, 78S, EV 87.5 MPH) Todd Walker to second
|
|
Batting: LHB Mark Kotsay
|
0-0: Called Strike 0-1: Ball 1-1: Fly out, F9 (Flyball, 9D, EV 95.0 MPH) Runner from 2nd tags up, SAFE at 3rd, no throw by RF
|
|
Batting: LHB Dave Hansen
|
0-0: Called Strike 0-1: Ball 1-1: Called Strike 1-2: Ball 2-2: Foul Ball, location: 2F 2-2: Strikes out swinging
|
|
Batting: RHB Kevin Jordan
|
0-0: Called Strike 0-1: Ball 1-1: Ball 2-1: Ball 3-1: Fly out, F8 (Line Drive, 8LD, EV 90.0 MPH)
|
| Top of the 9th over - 0 runs, 2 hits, 0 errors, 2 left on base; Hartford 6 - Asheville 5 |
| BOTTOM OF THE 9TH |
|
Asheville Moonshiners batting - Pitching for Hartford Whalers : RHP Mark Petkovsek
|
|
Pitching: RHP Cory Lidle
|
|
|
Pinch Hitting: LHB Billy McMillon
|
0-0: Foul Ball, location: 2F 0-1: Ball 1-1: Ball 2-1: Foul Ball, location: 2F 2-2: Ground out 4-3 (Groundball, 4MS, EV 61.3 MPH)
|
|
Batting: RHB Jermaine Allensworth
|
0-0: Ball 1-0: Ball 2-0: Called Strike 2-1: Ground out 6-3 (Groundball, 56, EV 81.3 MPH)
|
|
Batting: SHB Wilton Guerrero
|
0-0: Called Strike 0-1: SINGLE (Flyball, 89M, EV 83.1 MPH)
|
|
Batting: LHB Randall Simon
|
0-0: Foul Ball, location: 2F 0-1: Ball 1-1: Foul Ball, location: 2F 1-2: Foul Ball, location: 2F 1-2: Fielders Choice at 2nd, 6-4 (Groundball, 6, EV 88.8 MPH)
|
| Bottom of the 9th over - 0 runs, 1 hit, 0 errors, 1 left on base; Hartford 6 - Asheville 5 |
|